 Dungeon Crawl Stone Soup version 0.30.1-11-g7821555f0a (webtiles) character file.

Game seed: 16954188973754984498

93 Okkudo the Chopper (level 4, -6/41 HPs)
             Began as a Hill Orc Monk on Dec 10, 2023.
             Mangled by Grinder (8 damage)
             ... on level 4 of the Dungeon.
             The game lasted 00:04:20 (1971 turns).

Okkudo the Chopper (Hill Orc Monk)                  Turns: 1971, Time: 00:04:20

Health: -6/41      AC:  4    Str: 15    XL:     4   Next: 61%
Magic:  4/4        EV: 12    Int: 10    God:
Gold:   258        SH:  0    Dex: 13    Spells: 3/3 levels left

rFire   . . .        m - +3 long sword
rCold   . . .        d - orb {light}
rNeg    . . .        e - +0 leather armour
rPois   .            (no helmet)
rElec   .            (no cloak)
rCorr   .            (no gloves)
SInv    .            i - +0 pair of boots
Will    .....        (no amulet)
Stlth   +            (no ring)
HPRegen 0.26/turn    (no ring)
MPRegen 0.09/turn

%: no passive effects
@: glowing
A: no striking features
a: no special abilities


You were on level 4 of the Dungeon.
You visited 1 branch of the dungeon, and saw 4 of its levels.

You collected 258 gold pieces.

Inventory:

Hand Weapons
 a - a +0 hand axe
 m - a +3 long sword (weapon)
Missiles
 g - 6 poisoned darts (quivered)
Armour
 d - an orb of light (worn)
 e - a +0 leather armour (worn)
 i - a +0 pair of boots (worn)
Scrolls
 j - 2 scrolls of fog {unknown}
 k - a scroll of magic mapping {unknown}
 p - a scroll of vulnerability {unknown}
 q - a scroll of identify {unknown}
Potions
 b - 2 potions of haste {unknown}
 c - 2 potions of ambrosia
 f - 2 potions of attraction {unknown}
 h - 2 potions of curing {unknown}
 l - 3 potions of heal wounds {unknown}
 n - 2 potions of brilliance {unknown}
 o - 2 potions of cancellation {unknown}


   Skills:
 - Level 4.3 Fighting
 + Level 5.7 Axes
 - Level 3.0 Dodging


You had 3 spell levels left.
You didn't know any spells.
Your spell library contained the following spells:

 Spells                   Type           Power      Damage    Failure   Level
 Necrotise                Necr           0%         1d4       43%         1
 Vampiric Draining        Necr           0%         2d6       80%         3
 Vhi's Electric Charge    Tloc/Air       0%         N/A       80%         3
 Leda's Liquefaction      Hex/Erth       0%         N/A       99%         4
 Agony                    Necr           0%         N/A       100%        5
 Arcjolt                  Conj/Air       0%         1d10      100%        5
 Lee's Rapid Deconstruct  Erth           0%         3d4*      100%        5
 Statue Form              Tmut/Erth      0%         N/A       100%        6
 Maxwell's Capacitive Co  Air            0%         ∞         100%        8


Dungeon Overview and Level Annotations

Branches:
Dungeon (4/15)
 Temple: D:4-7

Altars:
Makhleb
Yredelemnul

Annotations:
D:4 Grinder


Message History

You barely miss Grinder. Grinder hits you.
You writhe in agony.
You completely miss Grinder. Grinder hits you but does no damage.
Grinder hits you.
You writhe in agony.
You hit Grinder but do no damage.
Grinder blinks!
Found a lead wand.
You slash Grinder!
Grinder is moderately wounded.
Grinder gestures at you.
You suddenly lose the ability to move!
Grinder hits you.
You writhe in agony.
Grinder hits you.
You writhe in agony.
Grinder hits you.
* * * LOW HITPOINT WARNING * * *
Grinder blinks!
You can move again.
You are confused.
You feel invigorated. Grinder gestures at you. Pain shoots through your body!
* * * LOW HITPOINT WARNING * * *
You feel less invigorated.
You feel less confused.
You hit Grinder.
Grinder is moderately wounded.
Grinder hits you but does no damage. Grinder gestures at you.
You suddenly lose the ability to move!
Grinder hits you! x2
* * * LOW HITPOINT WARNING * * *
You writhe in agony.
* * * LOW HITPOINT WARNING * * *
Grinder hits you.
* * * LOW HITPOINT WARNING * * *
You writhe in agony.
* * * LOW HITPOINT WARNING * * *
You can move again.
You slash Grinder!
Grinder is heavily wounded.
Grinder hits you!
You die...

#.. .. #.# ..
#.# ..# .
#########5# ...
........@.#.....
########........
##.......
....... #......
...../ ......
...... .....


You could see Grinder.

Vanquished Creatures
  2 hound zombies (D:3)
  2 adders
  2 dart slugs
  2 ball pythons
  5 endoplasms
  3 giant cockroaches (D:1)
  4 goblins
  3 hobgoblins
  2 jackals (D:1)
  A kobold (D:1)
  3 quokkas
  A ball python zombie (D:3)
  2 bats
  3 frilled lizards
  5 rats
40 creatures vanquished.

Notes
Turn   | Place    | Note
-------+----------+-------------------------------------------
     0 | D:1      | Okkudo the Hill Orc Monk began the quest for the Orb.
     0 | D:1      | Reached XP level 1. HP: 19/19 MP: 1/1
   204 | D:1      | Reached XP level 2. HP: 27/27 MP: 2/2
   514 | D:1      | Reached XP level 3. HP: 22/33 MP: 3/3
  1841 | D:3      | Found a basalt altar of Yredelemnul.
  1852 | D:3      | Reached skill level 5 in Axes
  1852 | D:3      | Reached XP level 4. HP: 31/41 MP: 4/4
  1922 | D:3      | Found a burning altar of Makhleb.
  1947 | D:3      | Noticed Grinder
  1949 | D:3      | Paralysed by Grinder for 3 turns
  1958 | D:4      | Paralysed by Grinder for 5 turns
  1967 | D:4      | Paralysed by Grinder for 4 turns
  1970 | D:4      | HP: 2/41 [Grinder (1)]
  1971 | D:4      | Mangled by Grinder

Illustrated notes

Levels and vault maps discovered:
D:1:      minmay_arrival_three_doors, layout_loops_ring,
          minmay_gold_behind_fungi, serial_bayou_pond_e
D:2:      layout_loops_corners, hangedman_decor_slide_cut,
          serial_park_tiny_pond, moated_statue, nicolae_elevator_lobby_asterisk
D:3:      layout_loops_cross, nicolae_yredelemnul_corpse_copse,
          nicolae_dithmenos_through_a_glass_darkly, bloody_makhleb,
          dreamdust_ecumenical_altar_drowned_temple, uniq_grinder
D:4:      layout_cave_pods, uniq_robin

Skill      XL: |  1  2  3 |
---------------+----------+-----
Fighting       | 4 |  4.3
Dodging        | 3 |  3.0
Axes           | 5 |  5.7

Action                     |  1- 3 |  4- 6 || total
---------------------------+-------+-------++-------
  Melee: Hand axe          |   121 |       ||   121
         Long sword        |    10 |    19 ||    29
    Use: Potion            |       |     1 ||     1
 Armour: Leather armour    |    47 |     5 ||    52
  Dodge: Dodged            |    72 |    10 ||    82
